 Dungeon Crawl Stone Soup version 0.31-a0-222-gefeffbb62a (webtiles) character file.

Game seed: 12429244033089672203

541 BritishOli the Chopper (level 7, 56/56 HPs)
             Began as a Demonspawn Fighter on July 5, 2023.
             Was an Initiate of Makhleb.
             Got out of the dungeon alive.
             The game lasted 00:05:23 (2845 turns).

BritishOli the Chopper (Demonspawn Fighter)         Turns: 2845, Time: 00:05:24

Health: 56/56      AC: 15    Str: 23    XL:     7   Next: 5%
Magic:  7/7        EV:  9    Int: 13    God:    Makhleb [......]
Gold:   214        SH:  8    Dex: 12    Spells: 6/6 levels left

rFire   . . .        m - +6 war axe of Balance {speed, Str+4 Int+4}
rCold   . . .        c - +0 buckler
rNeg    . . .        b - +0 scale mail
rPois   +            f - +0 helmet
rElec   .            (no cloak)
rCorr   .            (no gloves)
SInv    .            (no boots)
Will    .....        v - amulet of guardian spirit Stlth
                     e - ring of poison resistance
HPRegen 0.29/turn    p - +4 ring of protection
MPRegen 0.20/turn

%: guardian spirit
@: no status effects
A: icemail 1, magic regeneration, condensation shield, demonic touch 1
a: Renounce Religion


You escaped.
You worshipped Makhleb.
Makhleb was noncommittal.
You visited 2 branches of the dungeon, and saw 6 of its levels.

You collected 214 gold pieces.

Inventory:

Hand Weapons
 a - a +0 war axe
 m - the +6 war axe of Balance (weapon) {speed, Str+4 Int+4}
   (You found it on level 2 of the Dungeon)

   Str:       It affects your strength (+4).
   Int:       It affects your intelligence (+4).
 q - the +6 sling "Nuar" {heavy, rC+ Dex+3}
   (You found it on level 3 of the Dungeon)

   Dex:       It affects your dexterity (+3).
   rC:        It protects you from cold.
Missiles
 u - 2 throwing nets
Armour
 b - a +0 scale mail (worn)
 c - a +0 buckler (worn)
 f - a +0 helmet (worn)
Jewellery
 e - a ring of poison resistance (left hand)
 p - a +4 ring of protection (right hand)
 v - an amulet of guardian spirit (around neck)
Scrolls
 h - 3 scrolls of amnesia {unknown}
 i - a scroll of fog {unknown}
 k - a scroll of immolation {unknown}
 l - a scroll of enchant weapon {unknown}
 n - a scroll of teleportation {unknown}
 o - 2 scrolls of identify {unknown}
 t - a scroll of noise {unknown}
Potions
 d - 2 potions of might
 g - a potion of brilliance {unknown}
 j - 3 potions of degeneration {unknown}
 r - 3 potions of curing {unknown}
 s - 2 potions of berserk rage {unknown}


   Skills:
 + Level 5.1 Fighting
 * Level 5.5 Axes
 - Level 3.0 Armour
 - Level 3.0 Shields


You had 6 spell levels left.
You didn't know any spells.
Your spell library contained the following spells:

 Spells                   Type           Power      Damage    Failure   Level
 Magic Dart               Conj           0%         1d3       67%         1
 Searing Ray              Conj           0%         2d4       82%         2
 Frozen Ramparts          Ice            0%         1d1       96%         3
 Portal Projectile        Hex/Tloc       0%         N/A       96%         3
 Tukima's Dance           Hex            0%         N/A       96%         3
 Fulminant Prism          Conj/Hex       0%         3d5       100%        4
 Ice Form                 Ice/Tmut       0%         N/A       100%        4
 Summon Ice Beast         Ice/Summ       0%         N/A       100%        4
 Blade Hands              Tmut           0%         N/A       100%        5


Dungeon Overview and Level Annotations

Branches:
Dungeon (5/15)             Temple (1/1) D:5

Altars:
Cheibriados
Fedhas
Hepliaklqana
Kikubaaqudgha
Makhleb
Okawaru
Vehumet
Wu Jian

Annotations:
D:3 Grinder


Innate Abilities, Weirdness & Mutations

A meltable icy envelope protects you from harm. (AC +4)
You regenerate magic rapidly.
A meltable shield of frost defends you. (SH +4)
Your touch may inflict minor irresistible damage on your foes.


Message History

The phantom hits you but does no damage.
You slash the phantom!
You destroy the phantom!
Makhleb accepts your kill.
You have reached level 7!
Your demonic ancestry asserts itself...
Your magic begins to regenerate rapidly.
Unknown command.
(D) Dungeon (T) Temple
Where to? (Enter - D:5, ? - help)
You see here a hound skeleton.
There is a stone staircase leading up here.
You climb upwards.
There is a stone staircase leading down here.
(D) Dungeon (T) Temple
Where to? (Enter - D:4, ? - help)
What level of the Dungeon? (default 1, ? - help)
There is a stone staircase leading up here.
You climb upwards.
Level annotation: Grinder
Found a leather armour, 3 gold pieces and a scroll labelled XIURCHO BICU.
There is a stone staircase leading down here.
There is an open door here.
There is a stone staircase leading up here.
You climb upwards.
There is a stone staircase leading down here.
There is a stone staircase leading up here.
You climb upwards.
There is a stone staircase leading down here.
(D) Dungeon (T) Temple
Where to? (Enter - D:1, ? - help)
Okay, then.
You see here a +0 leather armour.
Things that are here:
4 stones; a +0 short sword
There is a stone staircase leading down here.
There is an open door here.
There is a staircase leading out of the dungeon here.
Are you sure you want to leave the Dungeon?
This will make you lose the game!
You have escaped!

###############
#⌠.....⌠.≈≈≈≈⌠#
#.........≈≈≈≈#
#..........≈≈≈#
#>..##...##..@#
#...##...##...#
#.............#
#######'#######
#.####### #....>..#
#############.#######
#.......#...........##
#.#####.###.#.###....#


There were no monsters in sight!

Vanquished Creatures
  2 phantoms (D:5)
  3 hounds
  An orc priest (D:4)
  2 iguanas
  3 orc wizards (D:4)
  3 gnolls (D:5)
  3 adders
  A white imp (D:5)
  3 worms
  2 dart slugs
  5 orcs
  6 endoplasms
  4 giant cockroaches
  4 goblins
  7 hobgoblins
  6 jackals
  5 kobolds
  A quokka (D:2)
  4 ball pythons
  8 bats
  3 frilled lizards
  8 rats
84 creatures vanquished.

Notes
Turn   | Place    | Note
-------+----------+-------------------------------------------
     0 | D:1      | BritishOli the Demonspawn Fighter began the quest for the
                  | Orb.
     0 | D:1      | Reached XP level 1. HP: 18/18 MP: 1/1
   191 | D:1      | Gained mutation: A meltable shield of frost defends you.
                  | (SH +4) [demonic ancestry]
   191 | D:1      | Reached XP level 2. HP: 23/24 MP: 2/2
   304 | D:1      | You fall into a shaft and drop 1 floor!
   882 | D:2      | Identified the +6 war axe of Balance {speed, Str+4 Int+4}
   888 | D:2      | Reached XP level 3. HP: 29/29 MP: 3/3
  1496 | D:3      | Identified the +6 sling "Nuar" {heavy, rC+ Dex+3}
  1542 | D:3      | Noticed Grinder
  1546 | D:3      | Gained mutation: A meltable icy envelope protects you from
                  | harm. (AC +4) [demonic ancestry]
  1546 | D:3      | Reached XP level 4. HP: 30/36 MP: 4/4
  1839 | D:4      | Gained mutation: Your touch may inflict minor irresistible
                  | damage on your foes. [demonic ancestry]
  1839 | D:4      | Reached XP level 5. HP: 35/42 MP: 5/5
  2045 | D:4      | Reached XP level 6. HP: 49/49 MP: 6/6
  2326 | D:5      | Entered Level 5 of the Dungeon
  2343 | D:5      | Found a staircase to the Ecumenical Temple.
  2359 | Temple   | Entered the Ecumenical Temple
  2366 | Temple   | Became a worshipper of Makhleb the Destroyer
  2418 | D:5      | Reached skill level 5 in Axes
  2547 | D:5      | Reached skill level 5 in Fighting
  2676 | D:5      | Gained mutation: You regenerate magic rapidly. [demonic
                  | ancestry]
  2676 | D:5      | Reached XP level 7. HP: 55/56 MP: 7/7
  2845 | D:$      | Got out of the dungeon alive.

Illustrated notes

Levels and vault maps discovered:
D:1:      amcnicky_arrival_flooded_fountain, layout_basic,
          kennysheep_another_room, dreamdust_princess_corridor,
          hangedman_glass_teeth, minmay_3d_cube
D:2:      layout_basic, basic_altar
D:3:      layout_basic, dreamdust_ecumenical_altar_grove, chequers_arboretum,
          uniq_grinder, uniq_terence
D:4:      layout_loops_ring
D:5:      kennysheep_windowed_halls, layout_basic, minmay_temple_entry_tees
Temple:   hellmonk_temple_of_storms

Skill      XL: |  1  2  3  4  5  6 |
---------------+-------------------+-----
Axes           | 2 3 4 5 |  5.5
Armour         | 3 |  3.0
Shields        | 3 |  3.0
Fighting       | 4 5 |  5.1

Action                     |  1- 3 |  4- 6 |  7- 9 || total
---------------------------+-------+-------+-------++-------
  Melee: War axe           |   114 |    77 |       ||   191
 Armour: Scale mail        |    54 |    29 |       ||    83
  Dodge: Dodged            |    35 |    23 |       ||    58
  Block: Buckler           |    35 |    28 |       ||    63

Table legend: (Time is in decaauts)
 A = Elapsed time spent in this place.
 B = Non-inter-level travel time spent in this place.
 C = Inter-level travel time spent in this place.
 D = Time resting spent in this place.
 E = Time spent auto-exploring this place.
 F = Levels seen in this place.
 G = Mean time per level.
                   A        B        C        D        E       F      G
               +--------+--------+--------+--------+--------+-----+--------+
         Total |   2865 |   2576 |    289 |     82 |   1979 |   6 |  477.5 |
       Dungeon |   2847 |   2572 |    275 |     82 |   1978 |   5 |  569.4 |
        Temple |     17 |      3 |     14 |      0 |      1 |   1 |   17.0 |
               +--------+--------+--------+--------+--------+-----+--------+

Top non-repeatable levels by time:
     D:4: 796 daAuts
     D:1: 780 daAuts
     D:2: 647 daAuts
     D:5: 377 daAuts
     D:3: 246 daAuts
  Temple: 17 daAuts
